 Dungeon Crawl Stone Soup version 0.32-a0-818-gb728d0252e (webtiles) character file.

Game seed: 2349800336680329218

408 Fodor the Chopper (level 6, -3/55 HPs)
             Began as a Minotaur Fighter on Mar 25, 2024.
             Killed by nerve-wracking pain
             ... invoked by Menkaure
              (5 damage)
             ... on level 4 of the Dungeon.
             The game lasted 00:06:27 (2032 turns).

Fodor the Chopper (Minotaur Fighter)                Turns: 2032, Time: 00:06:27

Health: -3/55      AC:  9    Str: 23    XL:     6   Next: 57%
Magic:  5/5        EV:  7    Int:  5    God:
Gold:   100        SH:  4    Dex:  9    Spells: 5/5 levels left

rFire   + . .        a - +0 war axe
rCold   . . .        c - +0 buckler
rNeg    . . .        b - +0 chain mail
rPois   +            (helmet restricted)
rElec   .            (no cloak)
rCorr   .            (no gloves)
SInv    .            (no boots)
Will    .....        (no amulet) Stlth
                     g - ring of poison resistance
HPRegen 0.29/turn    m - ring of protection from fire
MPRegen 0.09/turn

%: no passive effects
@: no status effects
A: horns 2, retaliatory headbutt
a: no special abilities


You were on level 4 of the Dungeon.
You visited 1 branch of the dungeon, and saw 4 of its levels.

You collected 100 gold pieces.

Inventory:

Hand Weapons
 a - a +0 war axe (weapon)
Armour
 b - a +0 chain mail (worn)
 c - a +0 buckler (worn)
Jewellery
 g - a ring of poison resistance (left hand)
 m - a ring of protection from fire (right hand)
Scrolls
 e - 2 scrolls of vulnerability {unknown}
 f - 5 scrolls of identify {unknown}
 k - a scroll of poison {unknown}
 o - a scroll of blinking {unknown}
 p - a scroll of enchant armour {unknown}
 q - a scroll of teleportation {unknown}
Potions
 d - 2 potions of might
 h - a potion of heal wounds {unknown}
 i - 2 potions of enlightenment {unknown}
 j - 2 potions of ambrosia {unknown}
 l - a potion of haste {unknown}


   Skills:
 + Level 4.9 Fighting
 + Level 5.6 Axes
 + Level 0.3 Throwing
 + Level 5.4 Armour
 + Level 1.3 Dodging
 + Level 4.6 Shields


You had 5 spell levels left.
You didn't know any spells.
Your spell library contained the following spells:

 Spells                   Type           Power      Damage    Failure   Level
 Magic Dart               Conj           0%         1d3       98%         1
 Searing Ray              Conj           0%         2d4       99%         2
 Tukima's Dance           Hex            0%         N/A       100%        3
 Fulminant Prism          Conj/Alch      0%         3d5       100%        4
 Passage of Golubria      Tloc           0%         N/A       100%        4
 Yara's Violent Unravell  Hex/Alch       0%         3d3       100%        5


Dungeon Overview and Level Annotations

Branches:
Dungeon (4/15)
 Temple: D:4-7

Altars:
Hepliaklqana
Xom

Annotations:
D:2 1 runed translucent door, Crazy Yiuf
D:4 Dowan, Menkaure, Pikel


Innate Abilities, Weirdness & Mutations

You have a pair of horns on your head.
You reflexively headbutt those who attack you in melee.


Message History

Menkaure calls on the powers of darkness!
The quokka convulses!
Your body is wracked with pain!
* * * LOW HITPOINT WARNING * * *
Duvessa convulses!
Pikel convulses!
The quokka bites you but does no damage.
The lemure hits you but does no damage. Duvessa hits you with a +0 short sword.
* * * LOW HITPOINT WARNING * * *
You closely miss Duvessa.
Duvessa is almost dead.
You barely miss Menkaure. You hit the quokka but do no damage.
You hit the lemure.
The quokka bites you but does no damage.
Duvessa hits you but does no damage. The lemure hits you but does no damage.
Pikel says, "You'll rust in Dis!"
Menkaure points at you and mumbles some strange words.
Pain shoots through your body!
* * * LOW HITPOINT WARNING * * *
The quokka barely misses you. You block the lemure's attack.
Duvessa hits you with a +0 short sword.
* * * LOW HITPOINT WARNING * * *
You hit Duvessa but do no damage. You headbutt Duvessa!
You kill Duvessa!
Dowan screams, "No!
Oh no!"
Dowan seems to find hidden reserves of power!
You closely miss the quokka. You hit the lemure. You barely miss Menkaure.
Dowan says, "Her death will not be in vain!"
The quokka bites you but does no damage.
Menkaure hits you!
* * * LOW HITPOINT WARNING * * *
The lemure barely misses you. The lemure closely misses you.
You furiously retaliate!
You headbutt the lemure! You slash Menkaure!
Menkaure is severely damaged.
You closely miss the quokka. You slash the lemure! You barely miss the lemure.
You block the quokka's attack.
Dowan casts a spell.
Dowan blinks!
Menkaure points at you and mumbles some strange words.
Pain shoots through your body!
You die...

#.#...#.
#.#....
#####...#.#
......?...#
..........#
....S.....#
.......S..#
######
#Mr###.....#
#@5..<.....#
##5###e....#
#K55 .....#
###.....5.#
#ยง.......
........
..)....
...####


You could see Pikel, 4 lemures, Menkaure, Dowan (fast), a quokka and a ball
python.

Vanquished Creatures
  Grinder (D:3)
  Duvessa (D:4)
  An ogre (D:3)
  An adder (D:3)
  A dart slug (D:1)
  3 orcs (D:3)
  4 bats
  4 endoplasms
  A giant cockroach (D:1)
  5 goblins
  3 hobgoblins (D:3)
  8 jackals (D:2)
  A quokka (D:3)
  4 ball pythons
  2 frilled lizards
  7 kobolds
  5 rats
52 creatures vanquished.

Notes
Turn   | Place    | Note
-------+----------+-------------------------------------------
     0 | D:1      | Fodor the Minotaur Fighter began the quest for the Orb.
     0 | D:1      | Reached XP level 1. HP: 19/19 MP: 0/0
    70 | D:1      | You fall into a shaft and drop 1 floor!
   231 | D:1      | Reached XP level 2. HP: 19/27 MP: 1/1
   434 | D:1      | Found a shimmering altar of Xom.
   787 | D:2      | Reached XP level 3. HP: 33/33 MP: 2/2
   866 | D:2      | Found a hazy altar of Hepliaklqana.
  1134 | D:2      | Found a faded altar of an unknown god.
  1193 | D:2      | Found a runed translucent door.
  1194 | D:2      | Noticed Crazy Yiuf
  1350 | D:3      | Noticed Grinder
  1350 | D:3      | Paralysed by Grinder for 4 turns
  1365 | D:3      | Killed Grinder
  1366 | D:3      | Reached skill level 5 in Armour
  1366 | D:3      | Reached skill level 1 in Dodging
  1366 | D:3      | Reached XP level 4. HP: 28/41 MP: 3/3
  1366 | D:3      | Reached XP level 5. HP: 32/47 MP: 4/4
  1537 | D:3      | Noticed an ogre
  1543 | D:3      | Killed an ogre
  1544 | D:3      | Reached skill level 5 in Axes
  1544 | D:3      | Reached XP level 6. HP: 49/55 MP: 5/5
  2020 | D:4      | Noticed Duvessa
  2020 | D:4      | Noticed Pikel
  2023 | D:4      | Noticed Menkaure
  2025 | D:4      | Noticed Dowan
  2031 | D:4      | Killed Duvessa
  2031 | D:4      | HP: 1/55 [Menkaure (9)]
  2032 | D:4      | Killed from afar by Menkaure

Illustrated notes

Levels and vault maps discovered:
D:1:      sevenhm_arrival_forest_fort_small_6, layout_rooms
D:2:      layout_basic, basic_altar, chequers_ecumenical_altar_island,
          amcnicky_mini_pool_small, serial_park_tiny_1, uniq_crazy_yiuf_cottage
D:3:      layout_loops_ring, uniq_grinder
D:4:      layout_basic, nicolae_dithmenos_the_darkroom,
          mainiacjoe_overflow_24_doors, hangedman_abyss_or_decor_passed,
          uniq_duvessa, uniq_pargi, uniq_pikel, uniq_menkaure

Skill      XL: |  1  2  3  4  5 |
---------------+----------------+-----
Fighting       | 4 |  4.9
Shields        | 4 |  4.6
Armour         | 4 5 |  5.4
Axes           | 4 5 |  5.6
Dodging        | 1 |  1.3
Throwing       | |  0.3

Action                     |  1- 3 |  4- 6 || total
---------------------------+-------+-------++-------
  Melee: War axe           |    67 |    26 ||    93
         Headbutt          |     7 |     6 ||    13
  Throw: Boomerang         |       |    15 ||    15
 Armour: Scale mail        |    53 |       ||    53
         Chain mail        |     5 |    22 ||    27
  Dodge: Dodged            |    37 |    13 ||    50
  Block: Buckler           |    17 |     5 ||    22

Table legend: (Time is in decaauts)
 A = Elapsed time spent in this place.
 B = Non-inter-level travel time spent in this place.
 C = Inter-level travel time spent in this place.
 D = Time resting spent in this place.
 E = Time spent auto-exploring this place.
 F = Levels seen in this place.
 G = Mean time per level.
                   A        B        C        D        E       F      G
               +--------+--------+--------+--------+--------+-----+--------+
         Total |   2077 |   1969 |    108 |      0 |   1407 |   4 |  519.2 |
       Dungeon |   2077 |   1969 |    108 |      0 |   1407 |   4 |  519.2 |
               +--------+--------+--------+--------+--------+-----+--------+

Top non-repeatable levels by time:
     D:2: 789 daAuts
     D:3: 780 daAuts
     D:1: 494 daAuts
     D:4: 13 daAuts
